PCL
SAN JOSE MISSIONS @ CALGARY COWBOYS
09/06/2027
 
TOP OF THE 1ST
San Jose Missions batting - Pitching for Calgary Cowboys : RHP Luis Trujillo
Pitching: RHP Luis Trujillo
Batting: RHB Peyton Pennington 0-0: Ball
1-0: Swinging Strike
1-1: Foul Ball, location: 2F
1-2: Ball
2-2: Fly out, F5 (Popup, 56D)
Batting: RHB Culley Douglas 0-0: Ball
1-0: Ball
2-0: Ball
3-0: Base on Balls
Batting: RHB Ed Starr 0-0: Ball
1-0: Called Strike
1-1: Ball
2-1: Swinging Strike
2-2: Fly out, F7 (Flyball, 7S)
Batting: LHB Miguel Montés 0-0: Reached on error, E5 (Groundball, 56)
Culley Douglas to second
Batting: RHB Irwin Duncan 0-0: Ball
1-0: Fly out, F9 (Flyball, 89M)
Top of the 1st over - 0 run(s), 0 hit(s), 1 error(s), 2 left on base; San Jose 0 - Calgary 0
BOTTOM OF THE 1ST
Calgary Cowboys batting - Pitching for San Jose Missions : LHP Octávio Pérez
Pitching: LHP Octávio Pérez
Batting: LHB Enrico Vargas 0-0: Ball
1-0: Called Strike
1-1: Called Strike
1-2: DOUBLE (Flyball, 89D)
Batting: LHB José Liñares 0-0: Ball
Wild Pitch!
Enrico Vargas to third
1-0: Ball
2-0: Called Strike
2-1: DOUBLE (Flyball, 7LD)
Enrico Vargas scores
Batting: LHB Greg Nelson 0-0: Called Strike
0-1: Ball
1-1: Foul Ball, location: 2F
1-2: Strikes out swinging
Batting: RHB Todd Bryant 0-0: Ball
1-0: Ball
2-0: Called Strike
2-1: SINGLE (Groundball, 4MD)
José Liñares to third
Batting: RHB Dan Wyatt 0-0: Ball
1-0: SINGLE (Groundball, 34D)
José Liñares scores
Todd Bryant to second
Runner from 2nd tries for 3rd, SAFE, throw made to third
Dan Wyatt to second
Batting: LHB Del Kennedy 0-0: Ball
1-0: Foul Ball, location: 2F
1-1: Ball
2-1: SINGLE (Groundball, 4MD)
Todd Bryant scores
Dan Wyatt to third
Runner from 3rd tries for Home, SAFE, no throw
Batting: LHB Freddy Herrera 0-0: Called Strike
0-1: Ball
1-1: Called Strike
1-2: Ball
2-2: Ball
3-2: Foul Ball, location: 2F
3-2: Base on Balls
Del Kennedy to second
Batting: RHB Tom Rowe 0-0: Ball
1-0: Called Strike
1-1: Ground out 6-3 (Groundball, 6MS)
Del Kennedy to third
Freddy Herrera to second
Batting: RHB Mario Sánchez 0-0: Called Strike
0-1: Ball
1-1: Ball
2-1: Ball
3-1: Base on Balls
Batting: LHB Enrico Vargas 0-0: Foul Ball, location: 2F
0-1: Ball
1-1: SINGLE (Line Drive, 9S)
Del Kennedy scores
Freddy Herrera to third
Mario Sánchez to second
Batting: LHB José Liñares 0-0: Ball
1-0: Ball
2-0: Fielders Choice at 2nd, 4-6 (Groundball, 4)
Bottom of the 1st over - 5 run(s), 6 hit(s), 0 error(s), 2 left on base; San Jose 0 - Calgary 5
TOP OF THE 2ND
San Jose Missions batting - Pitching for Calgary Cowboys : RHP Luis Trujillo
Batting: RHB Jorge Fuentes 0-0: Swinging Strike
0-1: Ball
1-1: Swinging Strike
1-2: Foul Ball, location: 2F
1-2: SINGLE (Groundball, 6MD)
Batting: RHB Glenn Johnson 0-0: Grounds into double play, 4-6-3 (Groundball, 4)
Batting: RHB Goro Tanabe 0-0: Foul Ball, location: 2F
0-1: Ball
1-1: Swinging Strike
1-2: Ball
2-2: Strikes out swinging
Top of the 2nd over - 0 run(s), 1 hit(s), 0 error(s), 0 left on base; San Jose 0 - Calgary 5
BOTTOM OF THE 2ND
Calgary Cowboys batting - Pitching for San Jose Missions : LHP Octávio Pérez
Batting: LHB Greg Nelson 0-0: SINGLE (Flyball, 8LS)
Batting: RHB Todd Bryant 0-0: Ball
1-0: Swinging Strike
1-1: Foul Ball, location: 2F
1-2: Grounds into double play, 4-6-3 (Groundball, 4)
Batting: RHB Dan Wyatt 0-0: Ball
1-0: Called Strike
1-1: Ball
2-1: Fly out, F9 (Flyball, 9)
Bottom of the 2nd over - 0 run(s), 1 hit(s), 0 error(s), 0 left on base; San Jose 0 - Calgary 5
TOP OF THE 3RD
San Jose Missions batting - Pitching for Calgary Cowboys : RHP Luis Trujillo
Batting: RHB Salvador Mendoza 0-0: Ground out 3-1 (Groundball, 34)
Batting: RHB Peyton Pennington 0-0: Foul Ball, location: 2F
0-1: Called Strike
0-2: Fly out, F8 (Flyball, 8RS)
Batting: RHB Culley Douglas 0-0: Ball
1-0: Foul Ball, location: 2F
1-1: Ball
2-1: Ground out 1-3 (Groundball, 15S)
Top of the 3rd over - 0 run(s), 0 hit(s), 0 error(s), 0 left on base; San Jose 0 - Calgary 5
BOTTOM OF THE 3RD
Calgary Cowboys batting - Pitching for San Jose Missions : LHP Octávio Pérez
Batting: LHB Del Kennedy 0-0: Called Strike
0-1: Foul Ball, location: 2F
0-2: Ball
1-2: Foul Ball, location: 2F
1-2: Strikes out swinging
Batting: LHB Freddy Herrera 0-0: Called Strike
0-1: Ground out 3-1 (Groundball, 34)
Batting: RHB Tom Rowe 0-0: Called Strike
0-1: Foul Ball, location: 2F
0-2: Ball
1-2: Foul Ball, location: 2F
1-2: Strikes out looking
Bottom of the 3rd over - 0 run(s), 0 hit(s), 0 error(s), 0 left on base; San Jose 0 - Calgary 5
TOP OF THE 4TH
San Jose Missions batting - Pitching for Calgary Cowboys : RHP Luis Trujillo
Batting: RHB Ed Starr 0-0: Foul Ball, location: 2F
0-1: Ball
1-1: Ball
2-1: Called Strike
2-2: Ball
3-2: Ground out 3-1 (Groundball, 2R)
Batting: LHB Miguel Montés 0-0: Called Strike
0-1: Ball
1-1: Ball
2-1: Foul Ball, location: 2F
2-2: Fly out, F6 (Popup, 56)
Batting: RHB Irwin Duncan 0-0: Ball
1-0: Foul Ball, location: 2F
1-1: SOLO HOME RUN (Flyball, 8LXD), Distance : 429 ft
Batting: RHB Jorge Fuentes 0-0: Called Strike
0-1: Ball
1-1: Swinging Strike
1-2: Reached on error, E6 (Groundball, 6)
Batting: RHB Glenn Johnson 0-0: Foul Ball, location: 2F
0-1: Called Strike
0-2: Strikes out looking
Top of the 4th over - 1 run(s), 1 hit(s), 1 error(s), 1 left on base; San Jose 1 - Calgary 5
BOTTOM OF THE 4TH
Calgary Cowboys batting - Pitching for San Jose Missions : LHP Octávio Pérez
Batting: RHB Mario Sánchez 0-0: Ball
1-0: Fly out, F8 (Flyball, 8LM)
Batting: LHB Enrico Vargas 0-0: Foul Ball, location: 2F
0-1: Ground out 4-3 (Groundball, 4D)
Batting: LHB José Liñares 0-0: Called Strike
0-1: Ball
1-1: Ball
2-1: Called Strike
2-2: Ball
3-2: Foul Ball, location: 2F
3-2: Foul Ball, location: 2F
3-2: Ground out 6-3 (Groundball, 6)
Bottom of the 4th over - 0 run(s), 0 hit(s), 0 error(s), 0 left on base; San Jose 1 - Calgary 5
TOP OF THE 5TH
San Jose Missions batting - Pitching for Calgary Cowboys : RHP Luis Trujillo
Batting: RHB Goro Tanabe 0-0: Called Strike
0-1: Called Strike
0-2: Ball
1-2: Ball
2-2: Strikes out swinging
Batting: RHB Salvador Mendoza 0-0: Swinging Strike
0-1: Fly out, F1 (Line Drive, 15)
Batting: RHB Peyton Pennington 0-0: Called Strike
0-1: Foul Ball, location: 2F
0-2: Foul Ball, location: 2F
0-2: Foul Ball, location: 2F
0-2: Ball
1-2: Strikes out swinging
Top of the 5th over - 0 run(s), 0 hit(s), 0 error(s), 0 left on base; San Jose 1 - Calgary 5
BOTTOM OF THE 5TH
Calgary Cowboys batting - Pitching for San Jose Missions : LHP Octávio Pérez
Batting: LHB Greg Nelson 0-0: Fly out, F4 (Popup, 4D)
Batting: RHB Todd Bryant 0-0: Called Strike
0-1: Foul Ball, location: 2F
0-2: Ball
1-2: Ball
2-2: Strikes out swinging
Batting: RHB Dan Wyatt 0-0: Foul Ball, location: 2F
0-1: Ball
1-1: Ground out 4-3 (Groundball, 4M)
Bottom of the 5th over - 0 run(s), 0 hit(s), 0 error(s), 0 left on base; San Jose 1 - Calgary 5
TOP OF THE 6TH
San Jose Missions batting - Pitching for Calgary Cowboys : RHP Luis Trujillo
Batting: RHB Culley Douglas 0-0: Called Strike
0-1: Ground out 6-3 (Groundball, 6)
Batting: RHB Ed Starr 0-0: Ball
1-0: Ball
2-0: Ground out 6-3 (Groundball, 6)
Batting: LHB Miguel Montés 0-0: Swinging Strike
0-1: Foul Ball, location: 2F
0-2: Ball
1-2: Strikes out swinging
Top of the 6th over - 0 run(s), 0 hit(s), 0 error(s), 0 left on base; San Jose 1 - Calgary 5
BOTTOM OF THE 6TH
Calgary Cowboys batting - Pitching for San Jose Missions : LHP Octávio Pérez
Batting: LHB Del Kennedy 0-0: Ball
1-0: Foul Ball, location: 2F
1-1: Ball
2-1: Foul Ball, location: 2F
2-2: Foul Ball, location: 2F
2-2: SINGLE (Groundball, 4D)
Pitching: RHP Larry West
Batting: LHB Freddy Herrera 0-0: Fly out, F9 (Line Drive, 9S)
Batting: RHB Tom Rowe 0-0: Ball
1-0: Foul Ball, location: 2F
1-1: Ball
2-1: Ball
3-1: Base on Balls
Del Kennedy to second
Batting: RHB Mario Sánchez 0-0: Ball
1-0: Foul Ball, location: 2F
1-1: Ball
2-1: Foul Ball, location: 2F
2-2: Ball
3-2: Base on Balls
Del Kennedy to third
Tom Rowe to second
Batting: LHB Enrico Vargas 0-0: Ball
1-0: Ball
2-0: Ball
3-0: Called Strike
3-1: Swinging Strike
3-2: Base on Balls
Del Kennedy scores
Tom Rowe to third
Mario Sánchez to second
Batting: LHB José Liñares 0-0: Called Strike
0-1: Called Strike
0-2: Ball
1-2: Grounds into double play, 6-4-3 (Groundball, 6)
Bottom of the 6th over - 1 run(s), 1 hit(s), 0 error(s), 2 left on base; San Jose 1 - Calgary 6
TOP OF THE 7TH
San Jose Missions batting - Pitching for Calgary Cowboys : RHP Luis Trujillo
Batting: RHB Irwin Duncan 0-0: Called Strike
0-1: Ball
1-1: Ground out 6-3 (Groundball, 6)
Batting: RHB Jorge Fuentes 0-0: SINGLE (Line Drive, 4)
Batting: RHB Glenn Johnson 0-0: Ball
1-0: Called Strike
Jorge Fuentes steals 2nd base
1-1: Foul Ball, location: 2F
1-2: Ball
2-2: Foul Ball, location: 2F
2-2: Ball
3-2: Base on Balls
Batting: RHB Goro Tanabe 0-0: Called Strike
Jorge Fuentes steals 3rd base
Glenn Johnson to second
0-1: Foul Ball, location: 2F
0-2: Strikes out swinging
Batting: RHB Salvador Mendoza 0-0: Swinging Strike
0-1: SINGLE (Flyball, 8RS)
Jorge Fuentes scores
Glenn Johnson to third
Runner from 3rd tries for Home, SAFE, throw made home
Batting: RHB Peyton Pennington 0-0: Called Strike
0-1: Ball
1-1: Swinging Strike
1-2: Foul Ball, location: 2F
1-2: Strikes out swinging
Top of the 7th over - 2 run(s), 2 hit(s), 0 error(s), 1 left on base; San Jose 3 - Calgary 6
BOTTOM OF THE 7TH
Calgary Cowboys batting - Pitching for San Jose Missions : RHP Larry West
Batting: LHB Greg Nelson 0-0: Called Strike
0-1: Ball
1-1: Foul Ball, location: 2F
1-2: Ground out U3 (Groundball, 34)
Pitching: LHP Morgan O'Day
Batting: RHB Todd Bryant 0-0: Ball
1-0: Fly out, F9 (Flyball, 89M)
Batting: RHB Dan Wyatt 0-0: Ball
1-0: Ball
2-0: Ball
3-0: Base on Balls
Batting: LHB Del Kennedy 0-0: Ball
1-0: Swinging Strike
1-1: Swinging Strike
1-2: Foul Ball, location: 2F
1-2: Foul Ball, location: 2F
1-2: Ball
2-2: Ball
3-2: SINGLE (Flyball, 6MD)
Dan Wyatt to second
Dan Wyatt to third
Batting: LHB Freddy Herrera 0-0: Fly out, F9 (Line Drive, 9)
Bottom of the 7th over - 0 run(s), 1 hit(s), 0 error(s), 2 left on base; San Jose 3 - Calgary 6
TOP OF THE 8TH
San Jose Missions batting - Pitching for Calgary Cowboys : RHP Luis Trujillo
Pitching: LHP Alfredo Durán
Batting: RHB Culley Douglas 0-0: Called Strike
0-1: Ball
1-1: Ground out 5-3 (Groundball, 5S)
Batting: RHB Ed Starr 0-0: Called Strike
0-1: Called Strike
0-2: Foul Ball, location: 2F
0-2: Ball
1-2: Fly out, F8 (Flyball, 8LS)
Batting: LHB Miguel Montés 0-0: Called Strike
0-1: Swinging Strike
0-2: Foul Ball, location: 2F
0-2: Foul Ball, location: 2F
0-2: Ball
1-2: Ball
2-2: Foul Ball, location: 2F
2-2: Fly out, F7 (Flyball, 78M)
Top of the 8th over - 0 run(s), 0 hit(s), 0 error(s), 0 left on base; San Jose 3 - Calgary 6
BOTTOM OF THE 8TH
Calgary Cowboys batting - Pitching for San Jose Missions : LHP Morgan O'Day
Batting: RHB Tom Rowe 0-0: Foul Ball, location: 2F
0-1: Called Strike
0-2: Foul Ball, location: 2F
0-2: Ball
1-2: Ball
2-2: Strikes out swinging
Batting: RHB Mario Sánchez 0-0: Ball
1-0: Ball
2-0: Ball
3-0: Base on Balls
Batting: LHB Enrico Vargas 0-0: Called Strike
0-1: Ball
1-1: SINGLE (Line Drive, 8RS)
Mario Sánchez to second
Batting: LHB José Liñares 0-0: Foul Ball, location: 2F
0-1: Called Strike
0-2: Ball
1-2: Ball
2-2: Ball
3-2: Strikes out swinging
Batting: LHB Greg Nelson 0-0: Called Strike
0-1: Ball
1-1: Ball
2-1: Fly out, F8 (Flyball, 8LS)
Bottom of the 8th over - 0 run(s), 1 hit(s), 0 error(s), 2 left on base; San Jose 3 - Calgary 6
TOP OF THE 9TH
San Jose Missions batting - Pitching for Calgary Cowboys : LHP Alfredo Durán
Pitching: RHP Bernardo Romero
Batting: RHB Irwin Duncan 0-0: Ball
1-0: Ball
2-0: Called Strike
2-1: Fly out, F8 (Flyball, 89M)
Batting: RHB Jorge Fuentes 0-0: Reached on error, E4 (Groundball, 4M)
Batting: RHB Glenn Johnson 0-0: Ball
1-0: Ball
2-0: Foul Ball, location: 2F
2-1: Ball
3-1: Foul Ball, location: 2F
3-2: Strikes out looking
Jorge Fuentes steals 2nd base
Batter strikes out.
Batting: RHB Goro Tanabe 0-0: Foul Ball, location: 2F
0-1: Called Strike
0-2: Ball
1-2: Ground out 5-3 (Groundball, 56)
Top of the 9th over - 0 run(s), 0 hit(s), 1 error(s), 1 left on base; San Jose 3 - Calgary 6
Thursday, March 30th, 2017 - OOTP Baseball 17.12 Build 75